 Dungeon Crawl Stone Soup version 0.28-a0-1594-ga885d4b3d6 (webtiles) character file.

Game seed: 14643865975201873372

71 Hasart the Ruffian (level 3, 0/29 HPs)
             Began as a Demigod Transmuter on Jan 20, 2022.
             Succumbed to an adder's poison
             ... on level 3 of the Dungeon.
             The game lasted 00:03:44 (2995 turns).

Hasart the Ruffian (Demigod Transmuter)             Turns: 2995, Time: 00:03:45

Health: 0/29       AC:  6    Str: 15    XL:     3   Next: 79%
Magic:  8/8        EV:  9    Int: 15    God:
Gold:   72         SH:  0    Dex: 14    Spells: 4/5 levels left

rFire   . . .      SeeInvis .   d - +0 scimitar
rCold   . . .      Faith    .   (no shield)
rNeg    . . .      Spirit   .   i - +0 scale mail
rPois   .          Reflect  .   (no helmet)
rElec   .          Harm     .   (no cloak)
rCorr   .          Rampage  .   (no gloves)
Will    .....                   (no boots)
Stlth   ..........              (no amulet)
HPRegen 0.09/turn               (no ring)
MPRegen 0.11/turn               (no ring)

@: lethally poisoned (0 -> -11)
A: high mp 1, forlorn, divine attributes
a: no special abilities


You were on level 3 of the Dungeon.
You visited 1 branch of the dungeon, and saw 3 of its levels.

You collected 72 gold pieces.

Inventory:

Hand Weapons
 d - a +0 scimitar (weapon)
Armour
 a - a +0 robe
 i - a +0 scale mail (worn)
Scrolls
 h - a scroll of fear {unknown}
Potions
 c - a potion of cancellation {unknown}
 e - a potion of haste {unknown}
 f - a potion of attraction {unknown}
 g - a potion of heal wounds {unknown}


   Skills:
 + Level 2.0 Fighting
 * Level 2.2 Long Blades
 - Level 2.0 Dodging
 - Level 2.8 Unarmed Combat
 - Level 1.9 Spellcasting
 - Level 1.9 Transmutations


You had 4 spell levels left.
You knew the following spells:

 Your Spells              Type           Power      Damage    Failure   Level
a - Beastly Appendage     Tmut           14%        N/A       38%         1

Your spell library contained the following spells:

 Spells                   Type           Power      Damage    Failure   Level
 Wereblood                Tmut           7%         N/A       54%         2
 Spider Form              Tmut/Pois      4%         N/A       88%         3
 Ice Form                 Ice/Tmut       4%         N/A       99%         4


Dungeon Overview and Level Annotations

Branches:
Dungeon (3/15)

Shops:
D:1 (

Annotations:
D:3 2 transporters


Innate Abilities, Weirdness & Mutations

You have an increased reservoir of magic. (+10% MP)
You shall have no god before yourself.
Your divine heritage dramatically boosts your attributes as you level up.


Message History

The adder is severely wounded.
You feel very sick. The bat barely misses you. The bat closely misses you.
The adder bites you but does no damage. The orc hits you with a +0 whip.
* * * LOW HITPOINT WARNING * * *
The adder closely misses you.
It was a potion of curing.
You feel better. The bat barely misses you.
The bat hits you but does no damage. The adder bites you.
You are poisoned.
The adder poisons you! The orc hits you but does no damage.
The bat hits you but does no damage.
Unknown command.
Unknown command.
You closely miss the adder.
The adder is severely wounded.
You feel very sick. The bat hits you but does no damage.
The adder bites you but does no damage. The bat hits you but does no damage.
The orc hits you but does no damage. The adder bites you.
You are lethally poisoned!
The adder poisons you!
You miss the adder.
The adder is severely wounded.
You feel very sick. The bat hits you but does no damage.
The orc closely misses you. The adder closely misses you.
The orc hits you but does no damage.
Unknown command.
You barely miss the adder.
The adder is severely wounded.
* * * LOW HITPOINT WARNING * * *
You feel very sick. The bat hits you but does no damage. The adder bites you.
* * * LOW HITPOINT WARNING * * *
You are more poisoned.
The adder poisons you! The adder bites you but does no damage.
The orc hits you with a +0 whip.
* * * LOW HITPOINT WARNING * * *
You miss the adder.
The adder is severely wounded.
You die...

≈...≈#.# ##.#.........
≈.⌠.S#.#####....# ..#...
S...S#....>....## ..#.#
≈...≈#.#######..##....#
≈...≈#..............##
##+###.#########.†...###
P./.P#.# #.........
8.©.8#.# ##.......##
######.# #..@.....#
..©.... #..oSb....#
#..........#
#.#........#
#..#........# #.
#.##.#.### . #. .#.# ..
(..#


You could see an adder, an orc and a bat.

Vanquished Creatures
  3 adders
  A worm (D:2)
  8 ball pythons
  3 endoplasms
  4 giant cockroaches (D:2)
  3 goblins (D:1)
  A hobgoblin (D:2)
  3 kobolds
  5 bats
  A frilled lizard (D:2)
  9 rats
41 creatures vanquished.

Vanquished Creatures (others)
  9 plants (D:2)
9 creatures vanquished.

Grand Total: 50 creatures vanquished

Notes
Turn   | Place    | Note
-------+----------+-------------------------------------------
     0 | D:1      | Hasart the Demigod Transmuter began the quest for the Orb.
     0 | D:1      | Reached XP level 1. HP: 15/15 MP: 5/5
   282 | D:1      | Reached skill level 1 in Fighting
   479 | D:1      | Found Ygiupnyps's Weapon Shop.
   839 | D:1      | Reached XP level 2. HP: 23/23 MP: 7/7
  1413 | D:2      | Reached skill level 1 in Long Blades
  1464 | D:2      | Reached XP level 3. HP: 17/28 MP: 8/8
  2536 | D:3      | HP: 1/29 [endoplasm (1)]
  2954 | D:3      | Found a transporter.
  2968 | D:3      | Found a transporter.
  2995 | D:3      | Succumbed to an adder's poison

Illustrated notes

Levels and vault maps discovered:
D:1:      minmay_arrival_four_houses, layout_basic, serial_shops,
          nicolae_shop_bloodbath_and_beyond, chequers_serial_rivers_room_a
D:2:      layout_basic, dilly_ecumenical_altar_fadedgnrine, skrybe_limestone_x,
          kennysheep_crisscross, minivault_24, nicolae_underground_beach
D:3:      gammafunk_steamed_eel, layout_rooms, grunt_temple_overflow_open,
          portal_sewer_entry_f

Skill      XL: |  1  2  3 |
---------------+----------+-----
Fighting       | 1 2 |  2.0
Dodging        | 2 |  2.0
Long Blades    | 1 2 |  2.2
Unarmed Combat | |  2.8
Spellcasting   | |  1.9
Transmutations | |  1.9

Action                   || total
-------------------------++-------
Melee: Unarmed           ||    32
       Punch             ||     4
       Scimitar          ||   136
       Kick              ||     5
       Headbutt          ||     3
 Cast: Beastly Appendage ||     3
  Use: Potion            ||     1
Armor: Robe              ||    50
       Scale mail        ||    29
Dodge: Dodged            ||   131

Table legend: (Time is in decaauts)
 A = Elapsed time spent in this place.
 B = Non-inter-level travel time spent in this place.
 C = Inter-level travel time spent in this place.
 D = Time resting spent in this place.
 E = Time spent auto-exploring this place.
 F = Levels seen in this place.
 G = Mean time per level.
                   A        B        C        D        E       F      G
               +--------+--------+--------+--------+--------+-----+--------+
         Total |   3041 |   2987 |     54 |    628 |   1777 |   3 | 1013.7 |
       Dungeon |   3041 |   2987 |     54 |    628 |   1777 |   3 | 1013.7 |
               +--------+--------+--------+--------+--------+-----+--------+

Top non-repeatable levels by time:
     D:2: 1728 daAuts
     D:1: 1138 daAuts
     D:3: 174 daAuts
